Unix NetHack Version 3.7.0-65 Work-in-progress - last build Oct 10 2022 05:34:18 (2afc5cfc90f7ecdc2856d9919a2295b875398e55,branch:master). Game began 2022-10-13 14:03:28, ended 2022-10-13 14:36:25. ichbinmiah, chaotic female human Rogue ----- |.... |...| |):.| |.)%| -|--- @ #G ## # # -.--- |.... |...| |...+ |...| |.... ----- Ichbinmiah the Cutpurse St:15 Dx:18 Co:18 In:8 Wi:9 Ch:8 Chaotic Dlvl:8 $:103 HP:0(41) Pw:25(25) AC:7 Xp:5/226 T:3036 Satiated Latest messages: You finish eating the jaguar corpse. a - an uncursed +0 dagger (8 in total). You hear a crunching sound. The door opens. What do you want to throw? [$aeY or ?*] In what direction? You throw 2 daggers. The 1st dagger hits the lizard. The 2nd dagger hits the lizard. The lizard bites! What do you want to throw? [$aeY or ?*] In what direction? You throw 2 daggers. The 1st dagger hits the lizard. The 2nd dagger hits the lizard. The lizard bites! What do you want to wield? [- aeY or ?*] a - 4 uncursed +0 daggers (wielded). You hit the lizard. You hit the lizard. You miss the lizard. The lizard bites! What do you want to throw? [$aeY or ?*] In what direction? The dagger hits the lizard. The lizard bites! You hear a door open. What do you want to throw? [$aeY or ?*] In what direction? You throw 2 daggers. The 1st dagger misses the lizard. The 2nd dagger misses the lizard. What do you want to throw? [$eY or ?*] In what direction? The dagger misses the lizard. What do you want to throw? [$e or ?*] In what direction? What do you want to throw? [$e or ?*] In what direction? What do you want to throw? [$e or ?*] In what direction? e - 2 silver arrows (8 in total). The gnome king thrusts one of his daggers. The gnome king hits! You die... Do you want your possessions identified? [ynq] (y) Do you want to see your attributes? [ynq] (y) Do you want an account of creatures vanquished? [ynaq] (y) Do you want to see your conduct and achievements? [ynq] (y) Do you want to see the dungeon overview? [ynq] (y) Inventory: Coins $ - 103 gold pieces Weapons e - 8 uncursed +0 silver arrows a - an uncursed +0 dagger (weapon in hand) Armor W - an uncursed +0 orcish helm (being worn) Z - an uncursed +0 pair of iron shoes (being worn) Comestibles l - an uncursed tripe ration U - an uncursed tin of spinach Wands d - an uncursed wand of sleep (0:5) Tools j - an uncursed sack containing 29 items k - an uncursed lock pick Contents of the sack: 197 gold pieces 9 blessed +2 arrows an uncursed +0 arrow 2 uncursed +0 orcish daggers an uncursed +0 short sword an uncursed +0 orcish helm 3 uncursed food rations an uncursed scroll of destroy armor an uncursed scroll of enchant armor an uncursed scroll of enchant weapon an uncursed scroll of identify 2 uncursed scrolls of light an uncursed scroll of scare monster a cursed spellbook of create familiar an uncursed spellbook of light an uncursed potion of healing 2 uncursed potions of oil a cursed potion of oil an uncursed potion of restore ability an uncursed potion of sickness an uncursed wand of cancellation (0:6) a blessed wand of cold (0:4) an uncursed wand of light (0:14) an uncursed wand of secret door detection (0:14) an uncursed wand of slow monster (0:7) an uncursed wand of undead turning named nothing happens (0:7) a cursed tallow candle an uncursed fluorite stone a cursed worthless piece of white glass Ichbinmiah the Rogue's attributes: Background: You were a Cutpurse, a level 5 female human Rogue. You were chaotic, nominally on a mission for Kos who was opposed by Issek (lawful) and Mog (neutral). You were in the Dungeons of Doom, on level 8. You entered the dungeon 3036 turns ago. You had 226 experience points, 94 more were needed to attain level 6. Basics: You had 0 out of 41 hit points. You had all 25 energy points (spell power). Your armor class was 7. Your wallet contained 103 zorkmids. Autopickup was on for '$?!/="+*' plus thrown, with exceptions. Final Characteristics: Your strength was 15 (limit:18/100). Your dexterity was 18 (limit:18). Your constitution was 18 (limit:18). Your intelligence was 8 (limit:18). Your wisdom was 9 (limit:18). Your charisma was 8 (limit:18). Final Status: You were satiated. You were unencumbered. You were wielding a dagger. You had basic skill with dagger and could have enhanced that. Final Attributes: You were piously aligned. You were stealthy. You are dead. Miscellaneous: You disabled loading of bones levels. Total elapsed playing time was 32 minutes and 25 seconds. Major events: Turn 1: ichbinmiah the chaotic female human Rogue entered the dungeon 1247: attained the rank of Cutpurse (level 3) 2378: entered the Gnomish Mines 3036: killed by a gnome king Vanquished creatures: a leprechaun a jaguar a blue jelly 2 shriekers a dwarf 2 dwarf zombies a wererat 2 coyotes 4 manes a large kobold a hobgoblin a giant rat 3 yellow molds a red mold 2 gnome zombies 2 geckos a jackal a fox a kobold 4 goblins 2 grid bugs 2 bats 8 lichens 7 newts 52 creatures vanquished. No species were genocided or became extinct. Voluntary challenges: You were an atheist. You read items or engraved 14 times. You engraved Elbereth 7 times. You never genocided any monsters. You never polymorphed an object. You used no wishes. Achievements: You entered a shop. You attained the rank of Cutpurse. You entered the Gnomish Mines. The Dungeons of Doom: levels 1 to 8 Level 1: Some fountains. Level 2: A general store. Level 3: A scroll shop, a fountain. Level 4: "vault on level" A fountain, a sink. Stairs down to The Gnomish Mines. Level 5: Level 6: A fountain. Level 8: <- You were here. Final resting place for you, killed by a gnome king. The Gnomish Mines: Level 5: Game over: ---------- / \ / REST \ / IN \ / PEACE \ / \ | ichbinmiah | | 300 Au | | killed by a | | gnome king | | | | | | 2022 | *| * * * | * _________)/\\_//(\/(/\)/\//\/|_)_______ Goodbye ichbinmiah the Rogue... You died in The Dungeons of Doom on dungeon level 8 with 1554 points, and 300 pieces of gold, after 3036 moves. You were level 5 with a maximum of 41 hit points when you died.